AoeStats
← Dingo_4050

Arena

512160661Analyzed
1v1 RM · 8d ago on Oct 8, 2026· 58m 46s· 2 players
Game mode
Random Map
Map size
Tiny (2 player)
Population
200
Speed
Normal
Resources
Standard
Victory
Conquest
Starting age
Dark Age
Ending age
Imperial Age
RankedLock teamsTeams togetherTeam positionsShared explorationLock speedFull tech treeHidden civsTurbo modeCheats
Victory
Defeat
🇦🇺 Japanese · Australia
607
+17
vs
🇦🇺 Japanese · Australia
622
-36
Dingo_4050
7:08 Loom
10:06 Feudal Age
8:24 Loom
11:05 Horse Collar
13:37 Arson
14:14 Double-Bit Axe
14:46 Man-at-Arms
20:10 Wheelbarrow
20:38 Town Watch
24:09 Castle Age
22:42 Scale Mail Armor
22:42 Gold Mining
23:36 Bloodlines
24:05 Forging
23:59 Stone Mining
25:53 Gold Shaft Mining
25:32 Bow Saw
25:25 Heavy Plow
26:15 Fletching
28:10 Hand Cart
29:40 Fervor
29:48 Town Patrol
31:21 Husbandry
31:34 Scale Barding Armor
32:24 Guard Tower
32:32 Murder Holes
32:21 Treadmill Crane
34:53 Murder Holes
36:44 Ballistics
37:46 Bodkin Arrow
38:27 Iron Casting
38:09 Chain Mail Armor
38:50 Yasama
41:01 Masonry
41:07 Fortified Wall
44:06 Imperial Age
41:43 Herbal Medicine
43:06 Chain Barding Armor
45:13 Kataparuto
45:29 Conscription
47:35 Hoardings
47:51 Elite Samurai
49:53 Onager
51:19 Block Printing
51:34 Illumination
51:48 Theocracy
51:38 Sanctity
51:27 Devotion
52:44 Devotion
53:05 Sanctity
54:03 Keep
53:13 Arrowslits
54:29 Chemistry
53:35 Siege Engineers
devilhed
1:08 Loom
12:39 Feudal Age
14:25 Wheelbarrow
16:38 Town Watch
16:43 Double-Bit Axe
16:52 Fletching
21:19 Stone Mining
22:31 Arson
22:48 Horse Collar
22:42 Man-at-Arms
31:24 Castle Age
31:19 Bloodlines
55:33 Ballistics
Connection lost

Rejoining the realm…

Still unreachable

The connection could not be restored.

Session expired

The server has moved on; the page needs a fresh start.